 Dungeon Crawl Stone Soup version 0.29.1-15-g9cfb28693d (webtiles) character file.

Game seed: 14487369212918079826

151 protoss039 the Digger (level 5, 38/38 HPs)
             Began as a Demonspawn Earth Elementalist on Mar 25, 2023.
             Got out of the dungeon alive.
             The game lasted 00:02:51 (1736 turns).

protoss039 the Digger (DsEE)                        Turns: 1736, Time: 00:02:51

Health: 38/38      AC:  5    Str:  9    XL:     5   Next: 10%
Magic:  9/9        EV: 10    Int: 18    God:
Gold:   90         SH:  0    Dex: 13    Spells: 6/9 levels left

rFire   . . .      SeeInvis .   a - +2 mace (protect)
rCold   . . .      Faith    .   (no shield)
rNeg    . . .      Spirit   .   l - +0 ring mail
rPois   .          Reflect  .   (helmet restricted)
rElec   .          Harm     .   (no cloak)
rCorr   .          Rampage  .   (no gloves)
Will    .....                   (no boots)
Stlth   +.........              (no amulet)
HPRegen 0.12/turn               (no ring)
MPRegen 0.11/turn               (no ring)

@: no status effects
A: antennae 1, powered by death 2
a: no special abilities


You escaped.
You visited 1 branch of the dungeon, and saw 3 of its levels.

You collected 90 gold pieces.

Inventory:

Hand Weapons
 a - a +2 mace of protection (weapon)
Missiles
 g - 4 poisoned darts (quivered)
Armour
 l - a +0 ring mail (worn)
Scrolls
 c - 2 scrolls of immolation {unknown}
 d - 3 scrolls of silence {unknown}
 e - 2 scrolls of teleportation {unknown}
 f - 2 scrolls of poison {unknown}
 i - a scroll of noise {unknown}
 j - a scroll of brand weapon {unknown}
 k - a scroll of amnesia {unknown}
 o - 3 scrolls of identify {unknown}
 q - a scroll of vulnerability {unknown}
 s - a scroll of enchant armour {unknown}
Potions
 b - a potion of magic
 h - a potion of might {unknown}
 m - a potion of degeneration {unknown}
 n - a potion of invisibility {unknown}
 p - a potion of flight {unknown}
 r - a potion of mutation {unknown}


   Skills:
 + Level 2.1 Fighting
 * Level 2.2 Armour
 - Level 1.7 Dodging
 - Level 1.7 Stealth
 + Level 2.9 Spellcasting
 - Level 0.8 Transmutations
 + Level 3.4 Earth Magic


You had 6 spell levels left.
You knew the following spells:

 Your Spells              Type           Power      Damage    Failure   Level
a - Sandblast             Erth           30%        2d9       11%         1
b - Passwall              Tmut/Erth      8%         N/A       28%         2

Your spell library contained the following spells:

 Spells                   Type           Power      Damage    Failure   Level
 Stone Arrow              Conj/Erth      16%        3d8       54%         3
 Scorch                   Fire           4%         2d5       56%         2
 Petrify                  Tmut/Erth      10%        N/A       88%         4
 Flame Wave               Conj/Fire      2%         2d4       99%         4
 Fireball                 Conj/Fire      1%         3d3       100%        5
 Iskenderun's Battlesphe  Conj           2%         2d6       100%        5
 Conjure Ball Lightning   Conj/Air       1%         3x3d6     100%        6
 Summon Cactus Giant      Summ           1%         N/A       100%        6
 Orb of Destruction       Conj           1%         9d5       100%        7


Dungeon Overview and Level Annotations

Branches:
Dungeon (3/15) Zot: 16238

Altars:


Innate Abilities, Weirdness & Mutations

You have a pair of small antennae on your head.
You regenerate health from kills.


Message History

Aiming: Sandblast (safe; 11% risk of failure)
Press: ? - help, Shift-Dir - straight line, f - Natasha
Aim: Natasha (77% to hit)
The blast of sand hits Natasha!
Natasha is heavily wounded.
Natasha claws you.
Unknown command.
Casting: Sandblast (safe; 11% risk of failure)
Confirm with . or Enter, or press ? or * to list all spells.
Aiming: Sandblast (safe; 11% risk of failure)
Press: ? - help, Shift-Dir - straight line, f/p - Natasha
Aim: Natasha (heavily wounded, 77% to hit)
The blast of sand hits Natasha!
You kill Natasha!
You feel Natasha's spirit has finally been put to rest.
You have reached level 5!
Your demonic ancestry asserts itself...
A pair of antennae grows on your head!
(D) Dungeon
Where to? (Enter - D:1 @ (x,y), ? - help)
What level of the Dungeon? (default 1, ? - help)
r - a glowing golden potion
Things that are here:
a +0 chain mail; a +0 hand axe
s - a scroll labelled OFARGHU JE URUI You see here a +0 flail.
g - 2 poisoned darts (gained 1)
g - 3 poisoned darts (gained 1)
g - 4 poisoned darts (gained 1)
There is an open door here.
There is a stone staircase leading up here.
You climb upwards.
There is a stone staircase leading down here.
Magic restored.
HP restored.
There is an open door here.
There is an open door here.
There is a staircase leading out of the dungeon here.
Are you sure you want to leave the Dungeon?
This will make you lose the game!
You have escaped!

#..##P.'...'..# #
#.###..#...#..# #
##.######.#.#### #
##....#..#.#.#..# ####
#.....#..'...'.(#####...
###.....#..#...#.P#.....##
#.......####...###########
#.##....#.P#...#..# #
##.#.....#@.'...'..# ##
#..#.....#.(#.P≈#..# #.
#....#...#################.
#.###.....................†
#.# #..........##########..
### #..........# #>#
#..........# #.#
#....^.....# ##.#
##........## #..#


There were no monsters in sight!

Vanquished Creatures
  Terence (D:2)
  Natasha (thrice) (D:2)
  3 gnolls (D:2)
  A dart slug (D:2)
  2 goblins (D:1)
  2 hobgoblins (D:1)
  4 kobolds
  A quokka (D:2)
  4 ball pythons
  3 bats (D:2)
  4 rats (D:1)
28 creatures vanquished.

Notes
Turn   | Place    | Note
-------+----------+-------------------------------------------
     0 | D:1      | protoss039 the Demonspawn Earth Elementalist began the
                  | quest for the Orb.
     0 | D:1      | Reached XP level 1. HP: 13/13 MP: 3/3
   353 | D:1      | Gained mutation: You regenerate a little health from kills.
                  | [demonic ancestry]
   353 | D:1      | Reached XP level 2. HP: 20/20 MP: 3/5
   409 | D:1      | Reached skill level 1 in Fighting
   462 | D:1      | Found a faded altar of an unknown god.
   618 | D:1      | Learned a level 2 spell: Passwall
   704 | D:2      | Reached skill level 3 in Earth Magic
   714 | D:2      | Gained mutation: You regenerate health from kills. [demonic
                  | ancestry]
   714 | D:2      | Reached XP level 3. HP: 8/26 MP: 6/6
   926 | D:2      | Reached skill level 1 in Armour
  1209 | D:2      | Noticed Natasha
  1213 | D:2      | Killed Natasha
  1277 | D:2      | Noticed Terence
  1295 | D:2      | Killed Terence
  1296 | D:2      | Reached XP level 4. HP: 11/33 MP: 6/8
  1318 | D:2      | Noticed Natasha
  1425 | D:2      | Killed Natasha
  1578 | D:2      | Noticed Natasha
  1682 | D:2      | Killed Natasha
  1683 | D:2      | Gained mutation: You have a pair of small antennae on your
                  | head. [demonic ancestry]
  1683 | D:2      | Reached XP level 5. HP: 33/38 MP: 6/9
  1736 | D:$      | Got out of the dungeon alive.

Illustrated notes

Levels and vault maps discovered:
D:1:      dpeg_arrival_prison, layout_rooms, shapermc_ecumenical_altar_acropolis
D:2:      layout_basic, uniq_terence, uniq_natasha
D:3:      layout_basic, mainiacjoe_overflow_alcove_4

Skill      XL: |  1  2  3  4 |
---------------+-------------+-----
Fighting       | 1 2 |  2.1
Earth Magic    | 3 |  3.4
Armour         | 1 2 |  2.2
Dodging        | |  1.7
Stealth        | |  1.7
Spellcasting   | |  2.9
Transmutations | |  0.8

Action                   |  1- 3 |  4- 6 || total
-------------------------+-------+-------++-------
Melee: Mace              |    15 |       ||    15
Throw: Dart              |    12 |     7 ||    19
 Cast: Sandblast         |    25 |    11 ||    36
Armor: Ring mail         |     8 |     2 ||    10
       Leather armour    |     1 |       ||     1
Dodge: Dodged            |    11 |     3 ||    14
